 Dungeon Crawl Stone Soup version 0.29.1-12-g30fa7ad0bf (webtiles) character file.

Game seed: 13382078521456939614

221 Adverbial the Slasher (level 5, -4/42 HPs)
             Began as a Demonspawn Chaos Knight on Jan 10, 2023.
             Was a Plaything of Xom.
             Killed by nerve-wracking pain
             ... invoked by Grinder
              (5 damage)
             ... on level 3 of the Dungeon.
             The game lasted 00:14:58 (1796 turns).

Adverbial the Slasher (Demonspawn Chaos Knight)     Turns: 1796, Time: 00:14:59

Health: -4/42      AC:  9    Str: 14    XL:     5   Next: 65%
Magic:  5/5        EV: 13    Int: 13    God:    Xom [.*....]
Gold:   87         SH:  0    Dex: 13    Spells: 4/4 levels left

rFire   . . .      SeeInvis .   a - +0 falchion (chaos)
rCold   . . .      Faith    .   (no shield)
rNeg    . . .      Spirit   .   g - +0 scale mail
rPois   .          Reflect  .   (no helmet)
rElec   .          Harm     .   (no cloak)
rCorr   +          Rampage  .   l - +0 pair of gloves
Will    .....                   d - +0 pair of boots
Stlth   ..........              f - amulet of magic regeneration
HPRegen 0.14/turn               h - ring of resist corrosion
MPRegen 0.49/turn               e - +4 ring of evasion

@: cleaving
A: foul stench 1, weakness stinger 1
a: Renounce Religion


You were on level 3 of the Dungeon.
You worshipped Xom.
You were a plaything of Xom.
You visited 1 branch of the dungeon, and saw 3 of its levels.

You collected 87 gold pieces.

Inventory:

Hand Weapons
 a - a +0 falchion of chaos (weapon)
Armour
 b - a +2 leather armour
 d - a +0 pair of boots (worn)
 g - a +0 scale mail (worn)
 l - a +0 pair of gloves (worn)
Magical Staves
 m - a staff of cold
Jewellery
 e - a +4 ring of evasion (right hand)
 f - an amulet of magic regeneration (around neck)
 h - a ring of resist corrosion (left hand)
Scrolls
 i - a scroll of vulnerability (quivered)
 j - a scroll of amnesia {unknown}
 n - a scroll of identify
 o - a scroll of teleportation {unknown}
Potions
 k - a potion of haste {unknown}
Miscellaneous
 c - a piece from Xom's chessboard (13/15)


   Skills:
 + Level 4.0 Fighting
 + Level 4.4 Long Blades
 + Level 2.8 Armour
 + Level 1.8 Dodging
 + Level 0.2 Stealth


You had 4 spell levels left.
You didn't know any spells.
Your spell library contained the following spells:

 Spells                   Type           Power      Damage    Failure   Level
 Sublimation of Blood     Necr           0%         N/A       88%         2
 Wereblood                Tmut           0%         N/A       88%         2
 Summon Hydra             Summ           0%         N/A       100%        7


Dungeon Overview and Level Annotations

Branches:
Dungeon (3/15)

Altars:
Cheibriados

Annotations:
D:3 Grinder


Innate Abilities, Weirdness & Mutations

You may rarely emit foul miasma when damaged in melee.
You have a small tail.


Message History

The goblin shouts!
Xom smiles on you.
Your +0 falchion of chaos looks sharp.
You barely miss the goblin. "Heh heh heh..."
You are confused.
The goblin looks rather confused. x2
You're too confused to move!
You feel less confused.
The goblin gestures wildly.
The goblin seems less confused.
The goblin misses you. The goblin hits you but does no damage.
You catch the helpless goblin completely off-guard!
You slash the goblin! You burn the goblin.
You kill the goblin!
You closely miss the goblin. The goblin misses you.
Your Fighting skill increases to level 4!
The goblin barely misses you.
You completely miss the goblin. The goblin closely misses you.
Grinder blinks!
You slash the goblin! You freeze the goblin.
You kill the goblin!
Grinder is no longer charmed.
Grinder gestures at you. Pain shoots through your body!
* * * LOW HITPOINT WARNING * * *
You see here a +0 dagger.
You make a move on Xom's chessboard...
Grinder resists with significant effort. "Go forth and destroy!"
Your +0 falchion of chaos looks sharp.
You are now a plaything of Xom.
Grinder blinks!
You hit Grinder but do no damage.
Grinder is severely wounded.
Grinder gestures at you. Pain shoots through your body!
You die...
Xom roars with laughter!

####.......###...#.........###
..........###..##.....#)..###
#.#................_......#..
#.##...## ###..#.......#....#
#......######..#......##...##
# #..##.......#..####'##.....#
#.#..##..####)....###.###....#
#........##....5............##
####.######...@...§.........#
#.# #.....####..###.### #.#
#.....# ##.....# #†# #.....#
#.##### #.# ####### #.## #.#
#..# #.####### ##.# #.#.....#
#.# #.#.###.##### #.#


You could see Grinder.

Vanquished Creatures
  A scorpion (D:3)
  Terence (D:2)
  4 adders
  2 worms
  An orc (D:3)
  5 ball pythons
  2 bats (D:2)
  4 endoplasms
  3 goblins
  4 hobgoblins
  3 jackals (D:3)
  A quokka (D:2)
  3 frilled lizards
  A goblin zombie (D:3)
  4 kobolds
  A kobold zombie (D:3)
  A rat (D:2)
41 creatures vanquished.

Vanquished Creatures (collateral kills)
  A crimson imp (D:3)
  A goblin skeleton (D:3)
  2 goblin zombies (D:3)
  2 hobgoblin zombies (D:3)
  A kobold skeleton (D:3)
  2 kobold zombies (D:3)
  2 orc zombies (D:3)
11 creatures vanquished.

Grand Total: 52 creatures vanquished

Notes
Turn   | Place    | Note
-------+----------+-------------------------------------------
     0 | D:1      | Adverbial the Demonspawn Chaos Knight began the quest for
                  | the Orb.
     0 | D:1      | Reached XP level 1. HP: 18/18 MP: 1/1
    16 | D:1      | You fall into a shaft and drop 1 floor!
   159 | D:2      | Reached skill level 1 in Dodging
   298 | D:2      | Noticed Terence
   307 | D:2      | XOM: potion effect (might)
   311 | D:2      | Killed Terence
   312 | D:2      | Gained mutation: You may rarely emit foul miasma when
                  | damaged in melee. [demonic ancestry]
   312 | D:2      | Reached XP level 2. HP: 6/24 MP: 2/2
   312 | D:2      | Discovered your monstrous ancestry.
   312 | D:2      | Gained mutation: You have a small tail. [demonic ancestry]
   312 | D:2      | Reached XP level 3. HP: 7/29 MP: 3/3
   382 | D:2      | XOM: scenery: 3 doors open
  1144 | D:3      | Reached XP level 4. HP: 35/35 MP: 4/4
  1179 | D:3      | Found a snail-covered altar of Cheibriados.
  1411 | D:3      | Noticed a scorpion
  1418 | D:3      | XOM: summons 4 friendly demons
  1418 | D:3      | Killed a scorpion
  1419 | D:3      | Reached XP level 5. HP: 38/42 MP: 5/5
  1420 | D:3      | XOM: god gift: 4 stones
  1595 | D:3      | XOM: polymorph dart slug -> kobold
  1753 | D:3      | Noticed Grinder
  1761 | D:3      | XOM: cleaving
  1768 | D:3      | XOM: enchant monster (good)
  1779 | D:3      | XOM: cleaving
  1781 | D:3      | XOM: confusion (+ monsters)
  1794 | D:3      | HP: 1/42 [Grinder/nerve-wracking pain (14)]
  1795 | D:3      | XOM: cleaving
  1796 | D:3      | Killed from afar by Grinder

Illustrated notes

Levels and vault maps discovered:
D:1:      scummos_arrival_checkerplants, layout_loops_corners,
          shapermc_ecumenical_altar_gd
D:2:      layout_basic, uniq_terence
D:3:      layout_loops_cross, nicolae_tso_besieged_by_evil,
          mainiacjoe_overflow_small_starburst, kennysheep_generic_room_5,
          uniq_ijyb, uniq_grinder

Skill      XL: |  1  2  3  4  5 |
---------------+----------------+-----
Armour         | 2 |  2.8
Dodging        | 1 |  1.8
Long Blades    | 3 4 |  4.4
Fighting       | 4 |  4.0
Stealth        | |  0.2

Action                   |  1- 3 |  4- 6 || total
-------------------------+-------+-------++-------
Melee: Falchion          |    63 |    91 ||   154
       Punch             |     1 |       ||     1
       Tailslap          |     5 |    16 ||    21
Evoke: Piece from Xom's  |     1 |     2 ||     3
  Use: Scroll            |     2 |       ||     2
       Potion            |     1 |       ||     1
 Stab: Distracted        |       |     1 ||     1
       Confused          |       |     1 ||     1
Armor: Leather armour    |    11 |       ||    11
       Scale mail        |    19 |    33 ||    52
Dodge: Dodged            |    40 |    58 ||    98
